 Dungeon Crawl Stone Soup version 0.18.1-5-g4a78601 (webtiles) character file.

6090 Hubbles the Slicer (level 10, -2/86 HPs)
             Began as a Demigod Monk on May 10, 2016.
             Slain by a black mamba (17 damage)
             ... on level 1 of the Lair of Beasts.
             The game lasted 00:36:38 (11271 turns).

Hubbles the Slicer (Demigod Monk)                  Turns: 11271, Time: 00:36:39

Health: -2/86      AC: 11    Str: 18    XL:     10   Next: 32%
Magic:  13/18      EV: 13    Int: 16    God:
Gold:   493        SH:  6    Dex: 18    Spells: 4 memorised, 6 levels left

rFire  . . .     SeeInvis .     a - +1 dagger (venom)
rCold  . . .     Gourm    .     f - +1 leather armour
rNeg   . . .     Faith    .     g - +0 buckler
rPois  .         Spirit   .     G - +0 helmet
rElec  .         Dismiss  .     l - +0 cloak
rCorr  .         Reflect  .     N - +0 pair of gloves
SustAt +         Harm     .     (no boots)
MR     ++...                    t - amulet of magic regeneration
Stlth  ++........               z - +3 ring of protection
                                o - ring of protection from magic

@: lethally poisoned (-2 -> -23), infused, regenerating, very resistant to
hostile enchantments, unstealthy
A: high mp 1, sustain attributes
a: no special abilities


You were on level 1 of the Lair of Beasts.
You were not hungry.

You visited 2 branches of the dungeon, and saw 11 of its levels.

You collected 493 gold pieces.

Inventory:

Hand Weapons
 a - a +1 dagger of venom (weapon)
 i - a +0 dagger of holy wrath
 y - a +0 hunting sling
 M - a cursed -3 short sword
 Q - the +12 great sword "Demonbane" {speed, *Noise rN+++ Str+2 Int-4, unknown}
   (You found it on level 9 of the Dungeon)

   Attacks with this weapon are significantly faster.
   It affects your strength (+2).
   It affects your intelligence (-4).
   It renders you almost immune to negative energy.
   It may make noises in combat.
Missiles
 c - 219 stones (quivered)
 d - 63 poisoned needles
 j - 79 sling bullets
Armour
 f - a +1 leather armour (worn)
 g - a +0 buckler (worn)
 l - a +0 cloak (worn)
 x - a +0 scale mail
 A - a +0 ring mail
 G - a +0 helmet (worn)
 N - a +0 pair of gloves (worn)
 P - a cursed +0 ring mail
Jewellery
 h - an uncursed ring of protection from fire
 o - a ring of protection from magic (left hand)
 t - an amulet of magic regeneration (around neck)
 z - a +3 ring of protection (right hand)
 B - a cursed -6 ring of slaying {unknown}
 K - a +4 ring of dexterity {unknown}
 R - a +2 ring of evasion {unknown}
Wands
 e - a wand of lightning (0/15)
 k - a wand of teleportation (6/9)
 w - a wand of slowing (23/48)
 H - a wand of digging (14/24)
 L - a wand of slowing (16/48)
Scrolls
 n - 3 scrolls of amnesia
 p - 2 scrolls of recharging
 s - a scroll of fear
 J - a scroll of blinking
Potions
 m - 2 potions of curing
 r - 2 potions of flight
 v - 2 potions of cancellation
 C - a potion of berserk rage {unknown}
 D - 2 potions of agility {unknown}
 E - a potion of mutation {unknown}
 F - a potion of haste {unknown}
Books
 u - a book of Battle

   Spells                             Type                      Level
   a - Infusion                       Charms                       1
   b - Shroud of Golubria             Charms/Translocation         2
   c - Song of Slaying                Charms                       2
   d - Spectral Weapon                Hexes/Charms                 3
   e - Regeneration                   Charms/Necromancy            3
 I - a book of Dreams

   Spells                             Type                      Level
   a - Ensorcelled Hibernation        Hexes/Ice                    2
   b - Silence                        Hexes/Air                    5
   c - Darkness                       Hexes                        6
   d - Shadow Creatures               Summoning                    6
Comestibles
 b - 9 bread rations
 q - 5 meat rations


   Skills:
 + Level 7.4 Fighting
 - Level 10.0 Short Blades
 - Level 6.7 Armour
 + Level 3.1 Dodging
 - Level 1.7 Stealth
 - Level 5.0 Shields
 - Level 3.6 Unarmed Combat
 * Level 3.2 Spellcasting
 * Level 2.9 Charms
 * Level 2.2 Necromancy


You had 6 spell levels left.
You knew the following spells:

 Your Spells              Type           Power        Failure   Level  Hunger
a - Infusion              Chrm           ##..         10%         1    None
b - Shroud of Golubria    Chrm/Tloc      #.........   21%         2    ##.....
c - Regeneration          Chrm/Necr      ##........   24%         3    ###....
d - Spectral Weapon       Hex/Chrm       #.......     38%         3    ###....


Dungeon Overview and Level Annotations

Branches:
Dungeon (10/15)            Temple (0/1) D:6            Lair (1/8) D:8
    Orc: D:9-12

Annotations:
D:9 exclusion: oklob plant
D:10 Joseph


Innate Abilities, Weirdness & Mutations

You have an increased reservoir of magic (+10% MP).
Your attributes are resistant to harm.


Message History

Casting: Infusion
Confirm with . or Enter, or press ? or * to list all spells.
Okay, then.
Unknown command.
Casting: Infusion
Confirm with . or Enter, or press ? or * to list all spells.
Space distorts slightly along a thin shroud covering your body.
You feel very sick.
Your shroud bends the black mamba's attack away.
Casting: Shroud of Golubria
Confirm with . or Enter, or press ? or * to list all spells.
Your skin crawls.
You feel very sick. The black mamba bites you!
* * * LOW HITPOINT WARNING * * *
You are lethally poisoned!
The black mamba poisons you!
Your shroud falls apart!
The black mamba bites you!
You die...

.#
#.............#
##............#
#............##
##............#
#........###
#.##.###..#
########..####
##......#
#....@.##
#....S..#
#........$..#
##............#
#....!..##...##
........# ..##
.....).## ...
%.....# #..


You could see a black mamba.

Vanquished Creatures
  Pikel (D:5)
  The ghost of lakren the Insei, a novice OpTm of Elyvilon (D:6)
  2 komodo dragons (Lair:1)
  A hungry ghost (D:8)
  2 hippogriffs
  The ghost of blooo the Ruffian, an amateur GrGl (D:4)
  A water moccasin (Lair:1)
  2 porcupines (Lair:1)
  2 orc warriors
  A black bear (D:10)
  2 slaves (D:5)
  A necrophage (D:8)
  A phantom (D:9)
  2 centaurs (D:6)
  5 ogres
  4 big kobolds
  Blork the orc (D:4)
  7 giant frogs
  A scorpion (D:6)
  4 killer bees
  2 howler monkeys
  A crimson imp (D:5)
  A giant frog zombie (D:6)
  7 hounds
  A quasit (D:7)
  4 jellies (D:9)
  3 giant frog skeletons
  3 orc priests
  Crazy Yiuf (D:5)
  A centaur skeleton (D:8)
  3 iguanas
  7 worker ants
  2 orc wizards
  A hound zombie (D:6)
  2 hound skeletons
  11 gnolls
  2 howler monkey skeletons (D:6)
  6 adders
  9 river rats
  4 shadow imps
  14 oozes
  An adder zombie (D:6)
  4 worms
  3 giant geckos
  24 orcs
  5 giant cockroaches
  6 goblins
  8 hobgoblins
  9 jackals
  11 kobolds
  5 quokkas
  3 ball pythons
  15 bats
  A giant cockroach zombie (D:5)
  2 giant gecko skeletons
  5 giant newts
  A jackal skeleton (D:5)
  A jackal zombie (D:5)
  11 rats
242 creatures vanquished.

Vanquished Creatures (others)
  6 fungi (D:9)
6 creatures vanquished.

Grand Total: 248 creatures vanquished

Notes
Turn   | Place    | Note
--------------------------------------------------------------
     0 | D:1      | Hubbles the Demigod Monk began the quest for the Orb.
     0 | D:1      | Reached XP level 1. HP: 18/18 MP: 3/3
   340 | D:1      | Reached skill level 1 in Short Blades
   528 | D:1      | Reached XP level 2. HP: 14/25 MP: 4/4
   970 | D:1      | Reached skill level 2 in Short Blades
  1462 | D:2      | Reached XP level 3. HP: 25/30 MP: 5/5
  1762 | D:2      | Reached skill level 3 in Short Blades
  1976 | D:2      | Found an opulent altar of Gozag.
  2342 | D:3      | Reached XP level 4. HP: 31/37 MP: 6/6
  2409 | D:3      | Reached skill level 1 in Armour
  2863 | D:3      | Found a bloodstained altar of Trog.
  3011 | D:3      | Reached XP level 5. HP: 44/44 MP: 7/7
  3084 | D:3      | Found a glowing silver altar of Zin.
  3176 | D:3      | Reached skill level 4 in Short Blades
  3703 | D:4      | Noticed Blork the orc
  3715 | D:4      | Killed Blork the orc
  3881 | D:4      | Noticed blooo's ghost (amateur GrGl)
  3915 | D:4      | Reached XP level 6. HP: 51/51 MP: 8/8
  3946 | D:4      | Found a stormy altar of Qazlal.
  3948 | D:4      | Found a blossoming altar of Fedhas.
  4243 | D:4      | Reached skill level 8 in Short Blades
  4243 | D:4      | Reached skill level 5 in Armour
  4243 | D:4      | Reached skill level 5 in Shields
  4243 | D:4      | Reached XP level 7. HP: 63/63 MP: 9/9
  4367 | D:4      | Killed blooo's ghost
  4466 | D:5      | Entered Level 5 of the Dungeon
  4767 | D:5      | Reached skill level 9 in Short Blades
  4852 | D:5      | Noticed Crazy Yiuf
  4871 | D:5      | Killed Crazy Yiuf
  5128 | D:5      | Found a white marble altar of Elyvilon.
  5355 | D:5      | Reached XP level 8. HP: 71/71 MP: 10/10
  5446 | D:6      | Noticed lakren's ghost (novice OpTm)
  5511 | D:6      | Killed lakren's ghost
  5550 | D:6      | Found a staircase to the Ecumenical Temple.
  6323 | D:6      | Noticed Pikel
  6526 | D:5      | Killed Pikel
  6526 | D:5      | Reached skill level 1 in Spellcasting
  6526 | D:5      | Reached XP level 9. HP: 34/78 MP: 12/14
  7209 | D:6      | Learned a level 1 spell: Infusion
  7824 | D:7      | Learned a level 2 spell: Shroud of Golubria
  7828 | D:7      | Learned a level 3 spell: Regeneration
  8002 | D:8      | Reached skill level 10 in Short Blades
  8052 | D:7      | Reached skill level 1 in Charms
  8287 | D:8      | Found a bloodstained altar of Trog.
  8299 | D:8      | Found a shimmering altar of Xom.
  8302 | D:8      | Found a sparkling altar of Nemelex Xobeh.
  8305 | D:8      | Found an ancient bone altar of Kikubaaqudgha.
  8554 | D:8      | Found a staircase to the Lair.
  8968 | D:8      | Learned a level 3 spell: Spectral Weapon
  9250 | D:9      | Reached skill level 1 in Necromancy
  9264 | D:9      | Found a shadowy altar of Dithmenos.
  9383 | D:9      | Found a snail-covered altar of Cheibriados.
  9383 | D:9      | Found an iron altar of Okawaru.
  9388 | D:9      | Found a shattered altar of Ashenzari.
  9454 | D:9      | Noticed an oklob plant
  9502 | D:9      | Reached XP level 10. HP: 64/86 MP: 17/17
  9782 | D:9      | Got a faintly glowing great sword
 10265 | D:10     | Entered Level 10 of the Dungeon
 10267 | D:10     | Noticed Joseph
 10566 | Lair:1   | Entered Level 1 of the Lair of Beasts
 11254 | Lair:1   | Noticed a black mamba
 11271 | Lair:1   | Slain by a black mamba

Skill      XL: |  1  2  3  4  5  6  7  8  9 10 |
---------------+-------------------------------+-----
Short Blades   | 1 2 3 4 8 9 10 | 10.0
Armour         | 1 2 5 6 |  6.7
Fighting       | 3 6 7 |  7.4
Shields        | 5 |  5.0
Spellcasting   | 1 2 3 |  3.2
Charms         | 2 |  2.9
Necromancy     | 1 2 |  2.2
Dodging        | 3 |  3.1
Stealth        | |  1.7
Unarmed Combat | |  3.6

Action                   |  1- 3 |  4- 6 |  7- 9 | 10-12 || total
-------------------------+-------+-------+-------+-------++-------
Melee: Dagger            |   148 |   107 |   840 |   230 ||  1325
       Unarmed           |     1 |       |       |       ||     1
       Punch             |     3 |     2 |       |       ||     5
Throw: Stone             |    38 |     8 |    22 |       ||    68
       Throwing net      |       |     6 |     4 |       ||    10
 Cast: Infusion          |       |       |       |     5 ||     5
       Regeneration      |       |       |       |     1 ||     1
       Shroud of Golubri |       |       |       |     1 ||     1
Evoke: Wand              |       |     4 |     1 |     3 ||     8
  Use: Scroll            |     8 |     8 |     9 |       ||    25
       Potion            |     1 |     2 |     5 |     1 ||     9
 Stab: Sleeping          |     4 |     6 |    12 |     5 ||    27
       Held in net/web   |       |     3 |     2 |       ||     5
       Distracted        |       |     1 |       |       ||     1
  Eat: Chunk             |     3 |     3 |     7 |     2 ||    15
       Beef jerky        |     1 |     1 |     2 |       ||     4
       Fruit             |       |     3 |       |       ||     3
       Bread ration      |       |       |     2 |       ||     2
       Meat ration       |       |       |     1 |     1 ||     2
Armor: Robe              |     6 |       |       |       ||     6
       Leather armour    |    37 |     9 |    84 |    37 ||   167
       Skin              |       |       |    16 |       ||    16
       Scale mail        |       |       |    37 |       ||    37
       Ring mail         |       |       |    10 |       ||    10
Dodge: Dodged            |    94 |    43 |   239 |    70 ||   446
Block: Buckler           |       |     2 |   125 |    42 ||   169
